 Dungeon Crawl Stone Soup version 0.28.0-53-g5a82cb258f (webtiles) character file.

Game seed: 4487546032120488015

859 firemarshallily the Ruffian (level 7, 0/59 HPs)
             Began as a Troll Fire Elementalist on June 6, 2022.
             Slain by a killer bee (7 damage)
             ... on level 4 of the Dungeon.
             The game lasted 00:13:04 (3345 turns).

firemarshallily the Ruffian (TrFE)                  Turns: 3345, Time: 00:13:05

Health: 0/59       AC:  5    Str: 19    XL:     7   Next: 71%
Magic:  10/10      EV: 10    Int: 11    God:
Gold:   234        SH:  0    Dex: 10    Spells: 8/11 levels left

rFire   . . .      SeeInvis .     - Unarmed
rCold   . . .      Faith    .   (no shield)
rNeg    . . .      Spirit   .   a - +1 robe
rPois   .          Reflect  .   (helmet restricted)
rElec   .          Harm     .   (no cloak)
rCorr   .          Rampage  .   (gloves unavailable)
Will    .....                   (boots unavailable)
Stlth   +.........              (no amulet)
HPRegen 1.79/turn               (no ring)
MPRegen 0.12/turn               (no ring)

@: unable to read
A: large, unfitting armour, claws 3, regeneration 2, shaggy fur 1, tough skin 1,
hooves 1, inability to read while threatened
a: no special abilities


You were on level 4 of the Dungeon.
You visited 1 branch of the dungeon, and saw 5 of its levels.
You also visited: Sewer.

You collected 264 gold pieces.
You spent 30 gold pieces at shops.

Inventory:

Missiles
 b - 49 stones
 c - 24 poisoned darts
Armour
 a - a +1 robe (worn)
Scrolls
 g - a scroll of vulnerability
 o - a scroll of blinking
Potions
 e - 2 potions of brilliance
 f - a potion of berserk rage
 h - a potion of lignification
 i - a potion of might {unknown}
 j - 4 potions of cancellation
 k - 3 potions of haste {unknown}
 l - a potion of resistance {unknown}
 m - a potion of attraction {unknown}
 n - a potion of heal wounds {unknown}
 p - a potion of flight {unknown}


   Skills:
 + Level 3.5 Dodging
 - Level 1.0 Stealth
 * Level 5.3 Unarmed Combat
 + Level 2.7 Spellcasting
 - Level 0.6 Conjurations
 + Level 3.6 Fire Magic


You had 8 spell levels left.
You knew the following spells:

 Your Spells              Type           Power      Damage    Failure   Level
a - Foxfire               Conj/Fire      24%        2x1d5     12%         1
b - Scorch                Fire           18%        2d6       9%          2

Your spell library contained the following spells:

 Spells                   Type           Power      Damage    Failure   Level
 Conjure Flame            Conj/Fire      6%         6-21      34%         3
 Static Discharge         Conj/Air       2%         N/A       36%         2
 Inner Flame              Hex/Fire       5%         N/A       36%         3
 Ensorcelled Hibernation  Hex/Ice        2%         N/A       38%         2
 Passwall                 Tmut/Erth      0%         N/A       38%         2
 Ignite Poison            Fire/Tmut/Pois 4%         N/A       45%         3
 Spider Form              Tmut/Pois      1%         N/A       63%         3
 Swiftness                Air            1%         N/A       63%         3
 Tukima's Dance           Hex            1%         N/A       63%         3
 Flame Wave               Conj/Fire      6%         2d5       75%         4
 Sticky Flame             Conj/Fire      6%         2d3       75%         4
 Anguish                  Hex/Necr       0%         N/A       95%         4
 Dispel Undead            Necr           1%         3d6       95%         4
 Passage of Golubria      Tloc           1%         N/A       95%         4
 Yara's Violent Unravell  Hex/Tmut       0%         3d3       100%        5


Dungeon Overview and Level Annotations

Branches:
Dungeon (5/15)              Sewer (visited)
 Temple: D:4-7

Altars:

Shops:
D:1 !


Innate Abilities, Weirdness & Mutations

You are too large for most types of armour.
You have claws for hands.
You heal very quickly.
You are covered in fur. (AC +1)
You have tough skin. (AC +1)
You have large cloven feet.
You sometimes lose the ability to read scrolls when taking damage.


Message History

The killer bee stings you. x3
You are more poisoned.
The killer bee poisons you! The killer bee misses you.
You feel extremely sick.
The killer bee buzzes angrily.
The killer bee stings you but does no damage.
The killer bee stings you.
There is a stone staircase leading up here.
* * * LOW HITPOINT WARNING * * *
You feel very sick. The killer bee stings you.
You feel threatened and lose the ability to read scrolls!
* * * LOW HITPOINT WARNING * * *
The killer bee stings you but does no damage.
The killer bee barely misses you. The killer bee completely misses you.
The killer bee stings you but does no damage.
The killer bee stings you.
* * * LOW HITPOINT WARNING * * *
You climb upwards.
* * * LOW HITPOINT WARNING * * *
You feel extremely sick.
There is a stone staircase leading down here.
You feel better. The killer bee barely misses you. The killer bee stings you.
* * * LOW HITPOINT WARNING * * *
You are poisoned.
The killer bee poisons you! The killer bee stings you.
* * * LOW HITPOINT WARNING * * *
The killer bee barely misses you.
You can read scrolls again.
You feel very sick. The killer bee stings you.
* * * LOW HITPOINT WARNING * * *
You are lethally poisoned!
The killer bee poisons you! The killer bee closely misses you.
The killer bee stings you but does no damage.
You feel better. The killer bee stings you!
You feel threatened and lose the ability to read scrolls!
* * * LOW HITPOINT WARNING * * *
The killer bee stings you!
You die...

.......#### #.###..#####......
.....#..# #.####....###.....
<...###.# #..# ####.######..
#...###.# ##.# #...÷#####
..#..##.## #.# ####..#
#.....#..#### #.# ##.##
####........# #.## #..### #
##.##.##.#####y.##########.#.. ##
#.##........@y........###....
.####..###...#######.###.........
.....#.# ###.##..##)..##.######..
####...#####.##..#..≈..#.# #.. #
##.....##.......≈≈≈...# #.. #
##..#..####..#..≈..### #..
##..#..###..##...## ##.
##.##.......##.## #..
#..#...........# #..


You could see 2 killer bees.

Vanquished Creatures
  3 ogres (D:4)
  2 necrophages
  A scorpion (D:4)
  A centaur skeleton (D:2)
  A hound (D:4)
  2 iguanas (D:4)
  Natasha (thrice) (D:2)
  A howler monkey skeleton (D:4)
  3 gnolls (D:2)
  7 adders
  An adder zombie (D:4)
  5 worms
  3 dart slugs
  9 ball pythons
  7 endoplasms
  3 giant cockroaches
  5 goblins
  5 hobgoblins
  4 jackals (D:4)
  8 kobolds
  3 quokkas
  5 bats
  6 frilled lizards
  7 rats
95 creatures vanquished.

Notes
Turn   | Place    | Note
-------+----------+-------------------------------------------
     0 | D:1      | firemarshallily the Troll Fire Elementalist began the quest
                  | for the Orb.
     0 | D:1      | Reached XP level 1. HP: 16/16 MP: 1/1
   114 | D:1      | Found Lalass's Distillery.
   131 | D:1      | Bought a potion of curing for 30 gold pieces
   348 | D:1      | Found a faded altar of an unknown god.
   446 | D:1      | Reached XP level 2. HP: 24/24 MP: 3/3
   449 | D:1      | Learned a level 2 spell: Scorch
   667 | D:1      | Reached skill level 1 in Unarmed Combat
   831 | D:2      | Noticed Natasha
   833 | D:2      | Noticed a crimson imp
   835 | D:2      | Noticed a crimson imp
   848 | D:2      | Killed Natasha
   849 | D:2      | Reached XP level 3. HP: 20/31 MP: 1/4
   951 | D:2      | Noticed Natasha
   959 | D:2      | Killed Natasha
   960 | D:2      | Reached skill level 2 in Unarmed Combat
   960 | D:2      | Reached XP level 4. HP: 39/39 MP: 0/5
  1374 | D:2      | Noticed Natasha
  1381 | D:2      | Killed Natasha
  1556 | D:2      | Reached XP level 5. HP: 45/45 MP: 6/6
  1679 | D:2      | Reached skill level 3 in Unarmed Combat
  1749 | D:2      | Gained mutation: You have large cloven feet. [potion of
                  | mutation]
  1749 | D:2      | Gained mutation: You sometimes lose the ability to read
                  | scrolls when taking damage. [potion of mutation]
  1749 | D:2      | Gained mutation: You heal very quickly. [potion of
                  | mutation]
  2383 | D:4      | Reached XP level 6. HP: 51/53 MP: 6/8
  2447 | D:4      | Reached skill level 4 in Unarmed Combat
  2484 | D:4      | Found a glowing drain.
  2507 | Sewer    | Entered a sewer
  2852 | D:4      | Reached XP level 7. HP: 59/59 MP: 9/9
  2987 | D:4      | Reached skill level 5 in Unarmed Combat
  3328 | D:5      | Entered Level 5 of the Dungeon
  3345 | D:4      | Slain by a killer bee

Illustrated notes

Levels and vault maps discovered:
D:1:      minmay_arrival_cross, layout_basic, shapermc_ecumenical_altar_ellora,
          serial_shops, shop, minmay_ruptured
D:2:      layout_basic, minmay_misc_feat_secret_circle, minmay_3d_cube,
          uniq_natasha
D:3:      layout_basic
D:4:      layout_rooms, portal_sewer_entry_a, amcnicky_mini_pool_small,
          minmay_pentomino_pile
D:5:      corexii_shantytown, layout_basic, minitemple, serial_shops,
          nicolae_shop_waterfront, shop, nicolae_take_the_stairs,
          nicolae_shop_statue_plus, grunt_ministairs_3, uniq_crazy_yiuf_cottage

Skill      XL: |  1  2  3  4  5  6  7 |
---------------+----------------------+-----
Unarmed Combat | 1 2 3 4 5 |  5.3
Dodging        | 2 3 |  3.5
Spellcasting   | 2 |  2.7
Fire Magic     | 3 |  3.6
Stealth        | |  1.0
Conjurations   | |  0.6

Action                   |  1- 3 |  4- 6 |  7- 9 || total
-------------------------+-------+-------+-------++-------
Melee: Unarmed           |    69 |   157 |    41 ||   267
       Punch             |     2 |     9 |       ||    11
       Kick              |       |    25 |    17 ||    42
 Cast: Scorch            |     1 |     2 |     4 ||     7
  Use: Scroll            |       |     8 |     1 ||     9
       Potion            |       |     1 |     2 ||     3
 Stab: Sleeping          |       |     2 |     1 ||     3
Armor: Robe              |    20 |    66 |    12 ||    98
Dodge: Dodged            |    24 |    96 |    22 ||   142
